 Dungeon Crawl Stone Soup version 0.22-a0-284-g99d1f7439c (webtiles) character file.

1724083 NeonDemonGP the Intangible (level 27, 222/222 HPs)
             Began as a Halfling Berserker on Mar 9, 2018.
             Was a High Priest of Trog.
             Escaped with the Orb
             ... and 3 runes on Mar 22, 2018!
             The game lasted 05:46:04 (64744 turns).

NeonDemonGP the Intangible (Halfling Berserker)    Turns: 64744, Time: 05:46:05

Health: 222/222    AC: 36    Str: 23    XL:     27
Magic:  41/41      EV: 39    Int:  7    God:    Trog [*****.]
Gold:   2771       SH:  0    Dex: 31    Spells: 26/26 levels left

rFire    + . .     SeeInvis +   Q - +4 eudemon blade (holy)
rCold    + . .     Gourm    .   (shield restricted)
rNeg     . . .     Faith    +   O - +12 chain mail "Bifass" {*Contam MR+ Slay+4}
rPois    .         Spirit   .   N - +0 mask of the Dragon {MR+ Slay+3 SInv}
rElec    .         Reflect  .   X - +2 cloak
rCorr    .         Harm     .   F - +2 pair of gloves of Fortification {rF+ rC+ MP+9 Int+3}
MR       ++++.                  p - +2 pair of boots
Stlth    ..........             y - amulet of faith
HPRegen  0.47/turn              m - +3 ring of evasion
MPRegen  0.27/turn              V - ring "Taonu" {Str+5 Int-2 Dex+5 Slay+2}

@: hasted, very quick
A: small, mutation resistance 1, no potion heal 1
0: Orb of Zot
}: 3/15 runes: barnacled, silver, gossamer
a: Berserk, Trog's Hand, Brothers in Arms, Renounce Religion


You escaped.
You worshipped Trog.
Trog was extremely pleased with you.
You were not hungry.

You visited 8 branches of the dungeon, and saw 46 of its levels.
You visited 1 bazaar.
You also visited: Trove, Sewer, Ossuary and Bailey.

You collected 6504 gold pieces.
You spent 3733 gold pieces at shops.

Inventory:

Hand Weapons
 a - a +9 antimagic double sword {god gift}
 b - a +6 blowgun
 f - a +7 vampiric double sword {god gift}
 Q - a +4 eudemon blade of holy wrath (weapon)
Missiles
 u - 28 curare-tipped needles
 E - 6 throwing nets (quivered) {!f}
Armour
 p - a +2 pair of boots (worn)
 F - the +2 pair of gloves of Fortification (worn) {rF+ rC+ MP+9 Int+3}
   (You acquired it on level 2 of the Depths)

   It affects your intelligence (+3).
   It protects you from fire.
   It protects you from cold.
   It affects your magic capacity (+9).
 N - the +0 mask of the Dragon (worn) {MR+ Slay+3 SInv}
   (You found it on level 3 of the Depths)

   It affects your accuracy and damage with ranged weapons and melee attacks
   (+3).
   It affects your resistance to hostile enchantments.
   It lets you see invisible.
 O - the +12 chain mail "Bifass" (worn) {*Contam MR+ Slay+4}
   (You found it in a bailey)

   It affects your accuracy and damage with ranged weapons and melee attacks
   (+4).
   It affects your resistance to hostile enchantments.
   It causes magical contamination when unequipped.
 X - a +2 cloak (worn)
Jewellery
 m - a +3 ring of evasion (left hand)
 o - the ring of Ziprobah {Ice rElec rN+ Int+4 Dex+4}
   (You found it in a treasure trove)

   [ring of ice]

   It enhances your ice magic.
   It affects your intelligence (+4).
   It affects your dexterity (+4).
   It makes you vulnerable to fire.
   It protects you from cold.
   It insulates you from electricity.
   It protects you from negative energy.
 y - an amulet of faith (around neck)
 J - an uncursed ring of flight
 M - the ring of Zeeziu {rPois rF+ Str+4}
   (You took it off a vampire mage on level 2 of the Depths)

   [ring of poison resistance]

   It affects your strength (+4).
   It protects you from fire.
   It protects you from poison.
 V - the ring "Taonu" (right hand) {Str+5 Int-2 Dex+5 Slay+2}
   (You found it on level 3 of the Vaults)

   [ring of slaying]

   It affects your strength (+5).
   It affects your intelligence (-2).
   It affects your dexterity (+5).
   It affects your accuracy and damage with ranged weapons and melee attacks
   (+2).
Wands
 j - a wand of digging (36)
 q - a wand of enslavement (5)
 R - a wand of clouds (3)
 T - a wand of paralysis (28)
 Y - a wand of disintegration (11)
Scrolls
 g - 23 scrolls of remove curse
 h - 8 scrolls of immolation {!r}
 n - 13 scrolls of teleportation
 s - a scroll of silence {!r}
 t - 3 scrolls of blinking {!r}
 z - 5 scrolls of identify
 A - 6 scrolls of fear
 H - 2 scrolls of brand weapon
 I - 6 scrolls of holy word
 Z - 5 scrolls of vulnerability {!r}
Potions
 d - 4 potions of cancellation
 e - 9 potions of heal wounds
 i - 4 potions of might
 k - 2 potions of invisibility
 l - 21 potions of curing
 v - 11 potions of mutation {!q}
 w - 2 potions of resistance
 x - 3 potions of agility
 D - 3 potions of ambrosia
 L - 2 potions of haste
Miscellaneous
 r - a box of beasts
 C - a phantom mirror
 K - a fan of gales
 P - a lamp of fire
 S - a phial of floods
 U - a sack of spiders
Comestibles
 c - 51 rations


   Skills:
 + Level 26.9 Fighting
 - Level 16.0 Long Blades
 - Level 15.0 Armour
 O Level 27 Dodging
 - Level 12.0 Evocations


You had 26 spell levels left.
You didn't know any spells.

Dungeon Overview and Level Annotations

Branches:
Dungeon (15/15)            Temple (0/1) D:4            Lair (6/6) D:9
 Shoals (4/4) Lair:3       Spider (4/4) Lair:4        Slime (0/5) Lair:5
    Orc (2/2) D:11            Elf (0/3) Orc:2        Vaults (5/5) D:13
  Crypt (0/3) Vaults:3     Depths (5/5) D:15            Zot (5/5) Depths:5

Altars:
Ashenzari
Cheibriados
Fedhas
Gozag
Kikubaaqudgha
Makhleb
Qazlal
Ru
Sif Muna
Trog
Yredelemnul
Zin
The Shining One
Beogh
Jiyva

Shops:
D:6 *   D:12 [   D:15 *   Orc:2 (=*[   Vaults:3 *=   Vaults:4 *=%[

Portals:
Hell: Depths:1 Depths:2 Depths:3 Depths:4 Depths:5
Abyss: Depths:1 Depths:3 Depths:4
Pandemonium: Depths:1 Depths:3 Depths:4
Ziggurat: Depths:5

Annotations:
Shoals:1 exclusion: downstairs
Shoals:3 exclusion: downstairs
Vaults:3 exclusion: downstairs
Depths:3 exclusion: downstairs
Zot:3 exclusion: 3 doors


Innate Abilities, Weirdness & Mutations

You are small and have problems with some larger weapons.
You are somewhat resistant to further mutation.
Potions are less effective at restoring your health.


Message History

You eat one of the 52 rations.
That ration really hit the spot!
You climb upwards.
There is a stone staircase leading down here.
There is an open door here.
There is a stone staircase leading up here.
You climb upwards.
There is a stone staircase leading down here.
A smoke demon comes into view.
You can't go up here!
There is a stone staircase leading up here.
You climb upwards.
There is a stone staircase leading down here.
A soul eater comes into view.
There is a stone staircase leading up here.
You climb upwards.
There is a stone staircase leading down here.
You feel yourself speed up.
There is a large open door here.
There is a staircase leading out of the dungeon here.
You have escaped!

#....##.........#.#######.#######
#...........#####>...............
#....(##...((...(....####.######.
#.....#.....########.####.# #.
#####'#.###.##....##......# #.
#.........#.####.#.###### #.
#.........#.8####'.# #.
#........##.#...#'.###########.
#.........#.#.@..#...........+.
#.........#.#...##...........#.
###'#.....#.#.##########....(..
#.#.###)#..##........'.......
#.#.###.#####.########.......
#.#.........#................
#.####...##.#.##########.....
#...........#.# #.....
##........###### ######


There were no monsters in sight!

Vanquished Creatures
  5 orbs of fire Mennas
  8 ancient liches Mara
  2 juggernauts Frederick Margery
  2 Killer Klowns
  3 curse toes
  5 golden dragons
  3 electric golems Arachne
  23 Orb Guardians
  3 liches
  13 tentacled monstrosities
  8 quicksilver dragons
  8 sphinxes
  8 titans
  6 death cobs
  8 storm dragons
  4 tengu reavers
  12 shadow dragons
  5 draconian monks
  9 frost giants Ilsuiw
  3 deep elf sorcerers
  9 fire giants
  8 ghost moths
  An emperor scorpion (shapeshifter)
  5 draconian knights
  4 emperor scorpions
  15 vault wardens
  An orc warlord
  6 draconian scorchers
  3 draconian shifters
  A draconian annihilator Aizul
  14 ironheart preservers
  2 deep elf elementalists
  3 draconian stormcallers
  3 war gargoyles
  13 very ugly things
  A spriggan defender
  6 entropy weavers
  5 green draconians
  4 vampire knights
  22 stone giants
  8 spark wasps
  4 red draconians
  6 black draconians
  9 white draconians
  A deep elf annihilator
  14 yellow draconians
  8 merfolk impalers
  14 purple draconians
  17 fire dragons
  4 merfolk javelineers
  4 jiangshi
  11 ettins Josephine Snorg
  A crystal guardian
  6 deep elf death magi
  A deep elf high priest
  11 yaktaur captains
  10 great orbs of eyes
  7 ice dragons
  2 small abominations
  29 vault guards
  8 hydras Erolcha
  6 merfolk avatars
  2 spriggan air magi
  11 centaur warriors
  3 alligator snapping turtles
  2 catoblepae Erica
  2 two-headed ogres (shapeshifter)
  5 death knights
  4 satyrs
  5 merfolk aquamancers
  2 dancing weapons
  36 two-headed ogres
  3 death yaks
  A spectral fire giant
  3 tengu warriors
  10 deep troll shamans
  11 deep troll earth magi
  4 hell hogs
  8 ogre magi
  A titan zombie
  2 vampire magi
  5 spriggan berserkers
  6 deep elf knights
  An orc high priest Nergalle
  A titan skeleton
  2 iron trolls
  A fire crab (shapeshifter)
  6 skeletal warriors
  4 shadow wraiths
  14 hell knights
  30 deep trolls
  10 sea snakes
  3 wizards
  A shadow dragon zombie
  2 unseen horrors
  2 flayed ghosts
  2 unseen horrors (shapeshifter)
  2 obsidian statues
  5 deep elf archers
  14 ironbrand convokers
  A lindwurm
  A lindwurm (shapeshifter)
  3 glowing orange brains
  A wolf spider zombie
  30 harpies
  3 phantasmal warriors
  A sphinx zombie
  12 orb spiders
  23 deep elf magi
  9 necromancers
  12 orc knights
  A frost giant zombie
  2 fauns (shapeshifter)
  A fire giant zombie
  A shining eye (shapeshifter)
  3 orc sorcerers
  36 ugly things
  20 manticores
  17 fauns
  16 wolf spiders
  2 cyclopes
  18 moths of wrath
  A shining eye
  2 sphinx skeletons
  A salamander (shapeshifter)
  A salamander Joseph
  3 guardian serpents
  A black mamba (shapeshifter)
  3 elephants
  An elephant (shapeshifter)
  A smoke demon
  2 spiny frogs (shapeshifter)
  6 water nymphs
  12 merfolk sirens
  15 vault sentinels Psyche
  An orange demon
  6 torpor snails
  4 centaur skeletons
  A yaktaur zombie
  2 rime drakes
  46 yaktaurs
  2 komodo dragons
  11 spiny frogs
  A komodo dragon (shapeshifter)
  7 freezing wraiths
  15 demonic crawlers
  A guardian mummy
  3 queen bees (shapeshifter)
  A troll (shapeshifter)
  4 tengu conjurers
  7 trolls
  4 wind drakes
  A jumping spider (shapeshifter)
  A merfolk (shapeshifter)
  A queen bee
  22 jumping spiders
  A meliai
  A meliai (shapeshifter)
  A polar bear
  A tyrant leech (shapeshifter)
  A wind drake (shapeshifter)
  4 tyrant leeches
  32 merfolk
  19 slime creatures
  19 hornets
  19 dream sheep
  12 hippogriffs
  3 slime creatures (shapeshifter)
  A snapping turtle (shapeshifter)
  A raiju
  2 ettin zombies
  A fire dragon zombie
  A meliai zombie
  9 snapping turtles
  67 redbacks
  36 yaks
  A shadow
  26 tarantellas
  4 spriggans
  3 wyverns
  14 water elementals
  8 wraiths
  A basilisk (shapeshifter)
  A human (shapeshifter)
  A ynoxinul
  6 hungry ghosts
  2 golden eyes (shapeshifter)
  A steam dragon
  A spriggan simulacrum
  5 basilisks
  2 vampire mosquitoes
  A yaktaur simulacrum
  A swamp worm
  8 wargs Edmund
  2 soldier ants
  An acid dragon
  An acid dragon (shapeshifter)
  Duvessa
  A floating eye
  7 porcupines
  5 hell hounds
  16 water moccasins
  A deep troll skeleton
  35 orc warriors
  8 ice beasts
  A sky beast
  2 black bears
  A human zombie
  6 phantoms
  A necrophage
  5 boggarts
  An eye of draining
  24 ogres
  4 wolves
  A wolf (shapeshifter)
  A tengu (shapeshifter)
  35 centaurs
  11 crocodiles
  7 big kobolds Blork the orc
  17 bullfrogs Dowan
  2 scorpions
  A wyvern skeleton
  32 killer bees
  8 howler monkeys
  4 wights
  6 electric eels
  11 jellies
  3 centaur zombies
  8 crimson imps
  2 bullfrog zombies
  A quasit
  8 hounds
  3 bullfrog skeletons
  9 orc priests
  3 iguanas
  7 worker ants
  19 orc wizards
  A big kobold zombie
  8 mummies
  A hound zombie
  3 worker ant zombies
  19 adders
  6 gnolls
  2 shadow imps
  2 ufetubi
  17 oozes
  An adder skeleton
  A worm (shapeshifter)
  9 worms
  2 dart slugs
  9 leopard geckos
  60 orcs
  3 ball pythons
  5 giant cockroaches
  2 gnoll zombies
  8 goblins
  11 hobgoblins
  7 jackals
  5 quokkas
  8 bats
  5 frilled lizards
  A hobgoblin zombie
  42 kobolds
  3 kobold zombies
  A leopard gecko skeleton
  An orc zombie
  A quokka skeleton
  A quokka zombie
  10 rats
  A crawling corpse
  3 plants
1989 creatures vanquished.

Vanquished Creatures (collateral kills)
  An ancient lich
  2 golden dragons
  2 Orb Guardians
  A tengu reaver
  A deep elf sorcerer
  A frost giant
  An iron dragon
  2 stone giants
  A deep elf annihilator
  A spriggan air mage
  An alligator snapping turtle
  A tengu warrior
  A soul eater
  2 sea snakes
  A deep elf archer
  A flayed ghost
  A phantasmal warrior
  A necromancer
  An orc knight
  A manticore
  An orb spider
  A shining eye (shapeshifter)
  A cyclops
  A moth of wrath
  A freezing wraith
  3 yaktaurs
  2 hornets
  3 orc warriors
37 creatures vanquished.

Vanquished Creatures (others)
  A deep elf sorcerer
  An ironheart preserver
  A satyr
  A sea snake
  A cyclops
  A moth of wrath
  A yaktaur (shapeshifter)
  A merfolk
  A hell hound
  13 fungi
  44 plants
  3 withered plants
69 creatures vanquished.

Grand Total: 2095 creatures vanquished

Notes
Turn   | Place    | Note
-------+----------+-------------------------------------------
     0 | D:1      | NeonDemonGP the Halfling Berserker began the quest for the Orb.
     0 | D:1      | Reached XP level 1. HP: 15/15 MP: 1/1
   298 | D:1      | Reached XP level 2. HP: 20/20 MP: 2/2
  1136 | D:1      | Reached skill level 3 in Fighting
  1279 | D:2      | Reached XP level 3. HP: 26/26 MP: 3/3
  1443 | D:2      | Reached skill level 4 in Long Blades
  1547 | D:2      | Found a deep blue altar of Sif Muna.
  1640 | D:2      | Reached ** piety under Trog
  1640 | D:2      | Reached XP level 4. HP: 31/31 MP: 4/4
  2266 | D:3      | Found a basalt altar of Yredelemnul.
  2286 | D:3      | Found a shattered altar of Ashenzari.
  2664 | D:3      | Noticed a moth of wrath
  2666 | D:3      | Found a bloodstained altar of Trog.
  2692 | D:3      | Reached XP level 5. HP: 36/36 MP: 5/5
  2833 | D:3      | Found an opulent altar of Gozag.
  2853 | D:3      | Noticed a phantom
  2909 | D:3      | Killed a phantom
  2909 | D:3      | Reached skill level 5 in Long Blades
  2909 | D:3      | Reached XP level 6. HP: 42/43 MP: 6/6
  3473 | D:4      | Found a sand-covered staircase.
  3480 | Ossuary  | Entered an ossuary
  3503 | Ossuary  | Reached skill level 4 in Fighting
  3643 | Ossuary  | Reached skill level 6 in Long Blades
  3897 | D:4      | Found a staircase to the Ecumenical Temple.
  3974 | D:4      | Noticed an ogre
  3996 | D:4      | Killed an ogre
  3996 | D:4      | Reached XP level 7. HP: 49/49 MP: 7/7
  4088 | D:4      | Reached *** piety under Trog
  4213 | D:4      | Reached skill level 7 in Long Blades
  4562 | D:4      | Reached skill level 5 in Fighting
  4562 | D:4      | Reached XP level 8. HP: 31/55 MP: 8/8
  4721 | D:4      | Found a glowing golden altar of the Shining One.
  4751 | D:5      | Entered Level 5 of the Dungeon
  4888 | D:5      | Reached skill level 8 in Long Blades
  5023 | D:5      | Found a snail-covered altar of Cheibriados.
  5023 | D:5      | Found a burning altar of Makhleb.
  5168 | D:5      | Found a glowing drain.
  5203 | Sewer    | Entered a sewer
  5525 | Sewer    | Reached **** piety under Trog
  5561 | D:5      | Found a blossoming altar of Fedhas.
  5564 | D:5      | Noticed Edmund
  5583 | D:5      | Killed Edmund
  5585 | D:5      | Noticed Duvessa
  5653 | D:5      | Reached skill level 6 in Fighting
  5719 | D:5      | Noticed Blork the orc
  5730 | D:5      | Killed Blork the orc
  5730 | D:5      | Reached skill level 9 in Long Blades
  5753 | D:5      | Noticed Dowan
  5783 | D:5      | Killed Duvessa
  5783 | D:5      | Reached XP level 9. HP: 51/62 MP: 9/9
  5804 | D:5      | Killed Dowan
  6300 | D:5      | Found a sacrificial altar of Ru.
  6788 | D:6      | Got a clouded diamond amulet
  6810 | D:6      | Identified the amulet "Faerio" {Harm *Drain rPois MR+ Int+3} (You found it on level 6 of the Dungeon)
  6847 | D:6      | Reached skill level 10 in Long Blades
  6920 | D:6      | Found Vireatyh's General Store.
  6973 | D:6      | Bought a scroll of blinking for 90 gold pieces
  6973 | D:6      | Bought a wand of acid (6) for 240 gold pieces
  6973 | D:6      | Bought a scroll of magic mapping for 42 gold pieces
  7367 | D:7      | Reached skill level 7 in Fighting
  7888 | D:7      | Reached XP level 10. HP: 55/71 MP: 10/10
  7941 | D:6      | Bought a potion of lignification for 36 gold pieces
  8006 | D:7      | Reached skill level 11 in Long Blades
  8463 | D:7      | Found an ancient bone altar of Kikubaaqudgha.
  8464 | D:7      | Found a blossoming altar of Fedhas.
  8840 | D:8      | Reached skill level 3 in Armour
  9034 | D:8      | Reached ***** piety under Trog
  9050 | D:8      | Found a stormy altar of Qazlal.
  9203 | D:8      | Reached skill level 12 in Long Blades
  9203 | D:8      | Reached skill level 4 in Armour
  9215 | D:8      | Noticed a two-headed ogre
  9343 | D:8      | Killed a two-headed ogre
  9579 | D:9      | Reached skill level 5 in Armour
  9709 | D:9      | Reached XP level 11. HP: 75/75 MP: 11/11
  9983 | D:9      | Found a staircase to the Lair.
  9995 | D:9      | Reached skill level 13 in Long Blades
 10026 | D:9      | Received a gift from Trog
 10031 | D:9      | Reached skill level 6 in Armour
 10085 | D:9      | Found a flagged portal.
 10087 | D:9      | Noticed Erolcha
 10179 | D:9      | Killed Erolcha
 10197 | D:9      | Got a warped dagger
 10215 | Bailey   | Entered a bailey
 10366 | Bailey   | Got a jewelled chain mail
 10378 | Bailey   | Identified the +12 chain mail "Bifass" {*Contam MR+ Slay+4} (You found it in a bailey)
 10415 | Bailey   | Found an iron altar of Okawaru.
 11092 | D:10     | Entered Level 10 of the Dungeon
 11109 | D:10     | Reached skill level 7 in Armour
 11257 | D:10     | Noticed a two-headed ogre
 11283 | D:10     | Killed a two-headed ogre
 11335 | D:10     | Reached skill level 14 in Long Blades
 11507 | D:10     | Reached skill level 1 in Evocations
 11672 | D:10     | Reached skill level 2 in Evocations
 12181 | D:11     | Received a gift from Trog
 12249 | D:11     | Reached skill level 8 in Armour
 12249 | D:11     | Reached skill level 3 in Evocations
 12318 | D:11     | Found a staircase to the Orcish Mines.
 12326 | D:11     | Reached skill level 8 in Fighting
 12326 | D:11     | Reached XP level 12. HP: 79/82 MP: 14/14
 12353 | D:11     | Noticed a centaur warrior
 12362 | D:11     | Killed a centaur warrior
 12362 | D:11     | Reached skill level 4 in Evocations
 12629 | D:11     | Reached skill level 5 in Evocations
 12762 | D:11     | Killed an unseen horror
 12975 | D:12     | Noticed Psyche
 12987 | D:12     | Killed Psyche
 13104 | D:12     | Reached skill level 6 in Evocations
 13108 | D:12     | Reached skill level 9 in Armour
 13262 | D:12     | Found Qail's Antique Armour Emporium.
 13270 | D:12     | Bought a runed helmet for 210 gold pieces
 13270 | D:12     | Bought a cloak for 126 gold pieces
 13330 | D:12     | Noticed a two-headed ogre
 13342 | D:12     | Killed a two-headed ogre
 13410 | D:12     | Reached skill level 7 in Evocations
 13422 | D:12     | Reached skill level 9 in Fighting
 13904 | D:12     | Noticed a two-headed ogre
 13907 | D:12     | Killed a two-headed ogre
 13907 | D:12     | Reached XP level 13. HP: 90/90 MP: 18/18
 13978 | Lair:1   | Entered Level 1 of the Lair of Beasts
 14049 | Lair:1   | Reached skill level 8 in Evocations
 14252 | Lair:1   | Reached skill level 10 in Armour
 14586 | Lair:1   | Noticed Joseph
 14597 | Lair:1   | Killed Joseph
 14657 | Lair:1   | Reached skill level 10 in Fighting
 14679 | Lair:1   | Noticed Nergalle
 14708 | Lair:1   | Killed Nergalle
 14827 | Lair:1   | Noticed Erica
 14840 | Lair:1   | Killed Erica
 15093 | Lair:2   | Reached skill level 11 in Armour
 16103 | Lair:3   | Noticed a four-headed hydra
 16115 | Lair:3   | Killed a one-headed hydra
 16115 | Lair:3   | Reached skill level 3 in Dodging
 16461 | Lair:3   | Found a staircase to the Shoals.
 16657 | Lair:4   | Reached skill level 4 in Dodging
 16711 | Lair:4   | Got a shimmering ring mail
 16929 | Lair:4   | Received a gift from Trog
 16941 | Lair:4   | Found a hole to the Spider Nest.
 17360 | Lair:4   | Reached skill level 5 in Dodging
 17547 | Lair:5   | Reached skill level 11 in Fighting
 17855 | Lair:5   | Reached skill level 6 in Dodging
 17927 | Lair:5   | Noticed Snorg
 17927 | Lair:5   | Noticed a catoblepas
 17950 | Lair:5   | Killed a catoblepas
 17950 | Lair:5   | Reached XP level 14. HP: 85/101 MP: 20/20
 17958 | Lair:5   | Killed Snorg
 18149 | Lair:5   | Reached skill level 7 in Dodging
 18344 | Lair:5   | Found a viscous altar of Jiyva.
 18344 | Lair:5   | Found a staircase to the Slime Pits.
 18688 | Lair:6   | Entered Level 6 of the Lair of Beasts
 18837 | Lair:6   | Noticed Josephine
 18853 | Lair:6   | Killed Josephine
 18883 | Lair:5   | Reached skill level 8 in Dodging
 19013 | Lair:6   | Reached skill level 12 in Fighting
 19095 | Lair:6   | Noticed Nessos
 19095 | Lair:6   | Noticed Nessos
 19095 | Lair:6   | Nessos changed into Nessos the swamp worm
 19100 | Lair:6   | Killed Nessos the swamp worm
 19318 | Lair:6   | Received a gift from Trog
 19382 | Lair:6   | Reached skill level 9 in Dodging
 19558 | Lair:6   | Found a runed door.
 20351 | Orc:1    | Entered Level 1 of the Orcish Mines
 20605 | Orc:2    | Entered Level 2 of the Orcish Mines
 20620 | Orc:1    | Reached skill level 10 in Dodging
 20698 | Orc:2    | Found Vaekau's Antique Weapon Boutique.
 20785 | Orc:2    | Received a gift from Trog
 20805 | Orc:1    | Reached XP level 15. HP: 101/109 MP: 7/21
 20966 | Orc:2    | Found a roughly hewn altar of Beogh.
 21046 | Orc:2    | Found a staircase to the Elven Halls.
 21054 | Orc:2    | Found Maxtap's Antique Armour Boutique.
 21068 | Orc:2    | Reached skill level 13 in Fighting
 21427 | Orc:2    | Bought a pair of glowing gloves for 247 gold pieces
 21466 | Orc:2    | Found Osaistreacw's General Store.
 21500 | Orc:2    | Bought a potion of heal wounds for 60 gold pieces
 21500 | Orc:2    | Bought a potion of might for 48 gold pieces
 21500 | Orc:2    | Bought a phantom mirror for 360 gold pieces
 21500 | Orc:2    | Bought a scroll of identify for 24 gold pieces
 21512 | Orc:2    | Found Voyl's Jewellery Boutique.
 21780 | D:12     | Bought a pair of runed boots for 210 gold pieces
 21841 | D:13     | Noticed Sonja
 21842 | D:13     | Noticed Sonja
 21842 | D:13     | Sonja changed into Sonja the black bear
 21845 | D:13     | Killed Sonja the black bear
 21912 | D:13     | Found a portal to a secret trove of treasure.
 22072 | D:13     | Found a gate to the Vaults.
 22095 | D:13     | Reached skill level 11 in Dodging
 22507 | D:13     | Got a faintly humming chain mail
 22596 | D:13     | Found a glowing golden altar of the Shining One.
 23217 | D:14     | Reached skill level 12 in Dodging
 23603 | D:14     | Reached skill level 14 in Fighting
 23749 | D:14     | Received a gift from Trog
 23805 | D:15     | Entered Level 15 of the Dungeon
 24410 | D:15     | Found a staircase to the Depths.
 24477 | D:15     | Noticed a reaper
 24648 | D:15     | Reached XP level 16. HP: 120/120 MP: 7/22
 24673 | D:14     | Reached skill level 13 in Dodging
 24820 | D:15     | Found Penuskuj's General Store.
 24840 | D:15     | Bought a scroll of enchant weapon for 112 gold pieces
 24840 | D:15     | Bought a scroll of fog for 30 gold pieces
 24886 | D:15     | Identified the +3 chain mail "Qimaitesk" {Int+10} (You found it on level 13 of the Dungeon)
 25399 | Orc:2    | Bought a shiny chain mail for 247 gold pieces
 25573 | Shoals:1 | Entered Level 1 of the Shoals
 26036 | Shoals:1 | Reached ****** piety under Trog
 26362 | Shoals:1 | Reached skill level 14 in Dodging
 26513 | Shoals:2 | Reached skill level 9 in Evocations
 27124 | Shoals:2 | Received a gift from Trog
 27440 | Shoals:3 | Reached skill level 15 in Dodging
 27704 | Shoals:3 | Found a runed door.
 27858 | Shoals:3 | Reached skill level 10 in Evocations
 27902 | Shoals:3 | Reached XP level 17. HP: 80/126 MP: 8/24
 28580 | Shoals:3 | Received a gift from Trog
 28580 | Shoals:3 | Reached skill level 16 in Dodging
 28669 | Shoals:4 | Entered Level 4 of the Shoals
 28673 | Shoals:4 | Noticed Ilsuiw
 28825 | Shoals:4 | Killed Ilsuiw
 29254 | Shoals:4 | Reached skill level 15 in Fighting
 29554 | Shoals:4 | Reached skill level 11 in Evocations
 30019 | Shoals:4 | Received a gift from Trog
 30059 | Shoals:4 | Identified a scroll of acquirement
 30061 | Shoals:4 | Got a heavily runed jade ring
 30072 | Shoals:4 | Identified the ring of Contentment {*Corrode rPois Str+5} (You acquired it on level 4 of the Shoals)
 30436 | Shoals:4 | Got a barnacled rune of Zot
 30721 | Shoals:3 | Reached XP level 18. HP: 134/134 MP: 8/26
 31044 | Spider:1 | Entered Level 1 of the Spider Nest
 31408 | Spider:1 | Found the +3 hat of Pondering {ponderous, MR+ MP+10 Int+5}
 31511 | Spider:1 | Noticed an entropy weaver
 31527 | Spider:1 | Killed an entropy weaver
 32115 | Spider:2 | Noticed an entropy weaver
 32119 | Spider:2 | Killed an entropy weaver
 32119 | Spider:2 | Reached skill level 16 in Fighting
 32202 | Spider:2 | Reached skill level 15 in Long Blades
 32362 | Spider:2 | Noticed an entropy weaver
 32375 | Spider:2 | Killed an entropy weaver
 32442 | Spider:2 | Received a gift from Trog
 32448 | Spider:2 | Reached skill level 12 in Evocations
 33518 | Spider:3 | Noticed Mara
 33529 | Spider:3 | Killed Mara
 33736 | Spider:3 | Noticed Arachne
 33746 | Spider:3 | Killed Arachne
 33935 | Spider:3 | Reached skill level 17 in Fighting
 33941 | Spider:3 | Noticed an entropy weaver
 33950 | Spider:3 | Killed an entropy weaver
 33950 | Spider:3 | Reached XP level 19. HP: 144/144 MP: 9/28
 34198 | Spider:4 | Entered Level 4 of the Spider Nest
 34826 | Spider:4 | Received a gift from Trog
 35111 | Spider:4 | Reached skill level 16 in Long Blades
 35340 | Spider:4 | Got a gossamer rune of Zot
 35735 | Vaults:1 | Entered Level 1 of the Vaults
 35834 | Vaults:1 | Noticed Aizul
 35843 | Vaults:1 | Killed Aizul
 35857 | Vaults:1 | Reached skill level 18 in Fighting
 36658 | Vaults:1 | Received a gift from Trog
 36659 | Vaults:1 | Got a dazzling shortbow {god gift}
 37317 | Vaults:2 | Reached XP level 20. HP: 117/154 MP: 9/29
 37454 | Vaults:2 | Reached skill level 19 in Fighting
 37647 | Vaults:2 | Upgraded the game from 0.22-a0-268-g1cc83efe17 to 0.22-a0-271-gc000056a37
 38226 | Vaults:2 | Received a gift from Trog
 38504 | Vaults:2 | Noticed Frederick
 38518 | Vaults:2 | Killed Frederick
 38823 | Vaults:3 | Found Heuch's General Store.
 38833 | Vaults:3 | Bought a scroll of vulnerability for 97 gold pieces
 38932 | Vaults:3 | Got a clouded glass ring
 38948 | Vaults:3 | Reached skill level 20 in Fighting
 38952 | Vaults:3 | Identified the ring "Taonu" {Str+5 Int-2 Dex+5 Slay+2} (You found it on level 3 of the Vaults)
 39009 | Vaults:3 | Found Gica's Jewellery Boutique.
 39017 | Vaults:3 | Bought an uncursed amulet of faith for 640 gold pieces
 39700 | Vaults:3 | Reached skill level 12 in Armour
 39759 | Vaults:3 | Found a staircase to the Crypt.
 40240 | Vaults:3 | Received a gift from Trog
 40244 | Vaults:3 | Reached skill level 13 in Armour
 40375 | Vaults:3 | Reached XP level 21. HP: 164/164 MP: 10/30
 40661 | Vaults:4 | Noticed an entropy weaver
 40761 | Vaults:4 | Found Yxeemm's General Store.
 40871 | Vaults:4 | Reached skill level 14 in Armour
 41202 | Vaults:4 | Found Penill's Jewellery Boutique.
 41213 | Vaults:4 | Found Fegyed's Food Shoppe.
 41299 | Vaults:4 | Found Zotwi's Antique Armour Boutique.
 41346 | Vaults:4 | Received a gift from Trog
 41477 | Vaults:4 | Reached skill level 15 in Armour
 41501 | Vaults:4 | Killed an entropy weaver
 42161 | Vaults:4 | Received a gift from Trog
 42168 | Vaults:4 | Got a pitted hunting sling {god gift}
 42682 | Depths:1 | Entered Level 1 of the Depths
 42689 | Depths:1 | Found a one-way gate to the infinite horrors of the Abyss.
 42719 | Depths:1 | Found a flickering gateway to a bazaar.
 42735 | Bazaar   | Entered a bazaar
 42740 | Bazaar   | Found Hotumn's Armour Shoppe.
 42741 | Bazaar   | Found Xugaick's Food Emporium.
 42766 | Bazaar   | Found Onadena's Antique Armour Shop.
 42766 | Bazaar   | Found Ujumyokh's Distillery.
 42793 | Bazaar   | Found Fayst's General Store.
 42819 | Bazaar   | Found Xuliyc's Armour Shoppe.
 42859 | Bazaar   | Bought a potion of might for 72 gold pieces
 42859 | Bazaar   | Bought a potion of haste for 180 gold pieces
 42859 | Bazaar   | Bought a potion of heal wounds for 90 gold pieces
 42859 | Bazaar   | Bought a potion of heal wounds for 90 gold pieces
 42865 | Bazaar   | Bought a pair of embroidered boots for 157 gold pieces
 42893 | Bazaar   | Bought an uncursed ring of protection from fire for 325 gold pieces
 42915 | Depths:1 | Found a gateway to Hell.
 42947 | Depths:1 | Reached skill level 17 in Dodging
 43434 | Depths:1 | Found a one-way gate leading to the halls of Pandemonium.
 43697 | Depths:1 | Received a gift from Trog
 43994 | Depths:1 | Reached XP level 22. HP: 156/172 MP: 10/31
 44825 | Depths:2 | Reached skill level 18 in Dodging
 45026 | Depths:2 | Got a pair of faintly humming gloves
 45027 | Depths:2 | Identified the +2 pair of gloves of Fortification {rF+ rC+ MP+9 Int+3} (You acquired it on level 2 of the Depths)
 45711 | Depths:2 | Got a shimmering granite ring
 45714 | Depths:2 | Found the +4 dagger "Morg" {pain, MR+ Int+5}
 45714 | Depths:2 | Identified the ring of Zeeziu {rPois rF+ Str+4} (You took it off a vampire mage on level 2 of the Depths)
 45729 | Depths:2 | Got a flickering granite ring
 45730 | Depths:2 | Identified the ring "Turchaun" {-Tele +Inv rPois rN+ Dex+4} (You found it on level 2 of the Depths)
 46013 | Depths:2 | Got a dazzling rapier
 46038 | Depths:2 | Noticed a juggernaut
 46052 | Depths:2 | Killed a juggernaut
 46058 | Depths:2 | Killed a ghostly juggernaut
 46058 | Depths:2 | Reached skill level 19 in Dodging
 46370 | Depths:2 | Received a gift from Trog
 46833 | Depths:2 | Reached skill level 21 in Fighting
 47022 | Depths:2 | Reached XP level 23. HP: 180/180 MP: 13/32
 47502 | Depths:3 | Noticed Margery
 47543 | Depths:3 | Received a gift from Trog
 47560 | Depths:2 | Killed Margery
 47616 | Depths:3 | Reached skill level 20 in Dodging
 48202 | Depths:3 | Found the +0 mask of the Dragon {MR+ Slay+3 SInv}
 48642 | Depths:3 | Received a gift from Trog
 49096 | Depths:3 | Reached skill level 21 in Dodging
 49218 | Depths:3 | Noticed an ancient lich
 49386 | Depths:3 | Killed an ancient lich
 49643 | Depths:4 | Upgraded the game from 0.22-a0-271-gc000056a37 to 0.22-a0-280-g69bf1f34de
 50170 | Depths:3 | Reached XP level 24. HP: 158/189 MP: 13/32
 50334 | Depths:4 | Upgraded the game from 0.22-a0-280-g69bf1f34de to 0.22-a0-284-g99d1f7439c
 50383 | Depths:4 | Noticed Mennas
 50419 | Depths:3 | Killed Mennas
 50420 | Depths:3 | Received a gift from Trog
 51143 | Depths:4 | Reached skill level 22 in Fighting
 51644 | Depths:4 | Reached skill level 22 in Dodging
 51653 | Depths:4 | Received a gift from Trog
 51866 | Depths:4 | Noticed a juggernaut
 51877 | Depths:4 | Killed a juggernaut
 51918 | Depths:5 | Entered Level 5 of the Depths
 52636 | Depths:5 | Found a deep blue altar of Sif Muna.
 52638 | Depths:5 | Found a glowing silver altar of Zin.
 52645 | Depths:5 | Found a gateway to a ziggurat.
 52706 | Depths:5 | Found a deep blue altar of Sif Muna.
 53126 | Depths:5 | Found a gate to the Realm of Zot.
 53518 | Vaults:5 | Entered Level 5 of the Vaults
 53819 | Vaults:5 | Received a gift from Trog
 53850 | Vaults:5 | Noticed an entropy weaver
 53851 | Vaults:5 | Reached XP level 25. HP: 195/197 MP: 13/32
 53856 | Vaults:5 | Killed an entropy weaver
 53999 | Vaults:5 | Reached skill level 23 in Dodging
 54381 | Vaults:5 | Received a gift from Trog
 54513 | Vaults:5 | Reached skill level 23 in Fighting
 54909 | Vaults:5 | Received a gift from Trog
 55360 | Vaults:5 | Reached XP level 26. HP: 187/206 MP: 13/32
 55501 | Vaults:5 | Reached skill level 24 in Dodging
 55578 | Vaults:5 | Identified Sif Muna's Grimoire of Helpful Poison
 56502 | Vaults:5 | Received a gift from Trog
 56509 | Vaults:5 | Got an ancient amber ring
 56513 | Vaults:5 | Identified the ring of Qaroirar {MR+ Str+4 Int+4} (You took it off a tengu reaver on level 5 of the Vaults)
 56580 | Vaults:5 | Got a silver rune of Zot
 56877 | D:13     | You paid a toll of +2 ice dragon scales to enter a treasure trove
 56878 | Trove    | Entered a treasure trove
 56901 | Trove    | Got a shimmering helmet
 56902 | Trove    | Identified the +1 helmet of Intuition {-Tele rPois MP-9 Int+8} (You found it in a treasure trove)
 56911 | Trove    | Got a coiled lapis lazuli ring
 56914 | Trove    | Identified the ring of Ziprobah {Ice rElec rN+ Int+4 Dex+4} (You found it in a treasure trove)
 56918 | Trove    | Got a coiled iron ring
 56919 | Trove    | Identified the ring "Siliarru" {*Drain MP+9 Int+5} (You found it in a treasure trove)
 56928 | Trove    | Got a polished chain mail
 56929 | Trove    | Identified the +11 chain mail of Purpose {-Cast rElec rC+} (You found it in a treasure trove)
 56939 | Trove    | Got a blackened hat
 56940 | Trove    | Identified the +0 hat "Lutwac" {Dex+4} (You found it in a treasure trove)
 56961 | Trove    | Got a faintly glowing granite ring
 56962 | Trove    | Identified the ring "Puitifix" {+Fly rPois rF- rN+} (You found it in a treasure trove)
 57221 | Zot:1    | Entered Level 1 of the Realm of Zot
 57864 | Zot:1    | Reached skill level 24 in Fighting
 57983 | Zot:1    | Identified the ring "Imaoso Zaukh" {MP+9 Str+3 Int+3} (You found it on level 1 of the Realm of Zot)
 58458 | Zot:2    | Received a gift from Trog
 58658 | Zot:3    | Noticed a curse toe
 58686 | Zot:2    | Reached skill level 25 in Dodging
 59108 | Zot:3    | Killed a curse toe
 59198 | Zot:2    | Reached XP level 27. HP: 135/215 MP: 32/32
 59568 | Zot:3    | Received a gift from Trog
 60707 | Zot:5    | Entered Level 5 of the Realm of Zot
 60847 | Zot:5    | Noticed an ancient lich
 60861 | Zot:5    | Killed an ancient lich
 60923 | Zot:5    | Reached skill level 26 in Dodging
 60950 | Zot:5    | Reached skill level 25 in Fighting
 61069 | Zot:5    | Noticed an ancient lich
 61338 | Zot:5    | Noticed an ancient lich
 61357 | Zot:5    | Killed an ancient lich
 61370 | Zot:5    | Killed an ancient lich
 61384 | Zot:5    | Noticed an ancient lich
 61406 | Zot:5    | Killed an ancient lich
 61570 | Zot:5    | Noticed an ancient lich
 61576 | Zot:5    | Killed an ancient lich
 61576 | Zot:5    | Received a gift from Trog
 61618 | Zot:5    | Noticed an ancient lich
 61635 | Zot:5    | Killed an ancient lich
 61798 | Zot:5    | Noticed an orb of fire
 61808 | Zot:5    | Killed an orb of fire
 61837 | Zot:5    | Noticed an ancient lich
 61855 | Zot:5    | Killed an ancient lich
 61997 | Zot:5    | Noticed an ancient lich
 62011 | Zot:5    | Killed an ancient lich
 62221 | Zot:5    | Reached skill level 27 in Dodging
 62487 | Zot:5    | Noticed an orb of fire
 62502 | Zot:5    | Killed an orb of fire
 62568 | Zot:5    | Noticed an orb of fire
 62570 | Zot:5    | Gained mutation: Potions are less effective at restoring your health. [an orb of fire]
 62585 | Zot:5    | Killed an orb of fire
 62585 | Zot:5    | Reached skill level 26 in Fighting
 63326 | Zot:5    | Noticed an orb of fire
 63351 | Zot:5    | Killed an orb of fire
 63394 | Zot:5    | Noticed an orb of fire
 63415 | Zot:5    | Killed an orb of fire
 64263 | Zot:5    | Got the Orb of Zot
 64365 | Zot:3    | Received a gift from Trog
 64744 | D:$      | Escaped with the Orb!

Vault maps used:
D:1:      saegor_arrival_simple_e
D:2:      lemuel_doored_altar
D:3:      lemuel_round_altar, old_standard_altar, tgw_trog,
          evilmike_ruin_ashenzari
D:4:      kennysheep_mini_moat, minmay_temple_entry_glassed_door,
          nicolae_ossuary_entry_monument
D:5:      nicolae_ru_path_of_blood, gammafunk_temple_overflow_pools,
          first_ration, gup_sewer_entry_pipe, basic_altar, nrook_mini_vaults,
          kennysheep_flooded_box, uniq_edmund, uniq_duvessa, uniq_blork_the_orc
D:6:      serial_shops, shop
D:7:      grunt_temple_overflow_growth_and_decay
D:8:      nicolae_overflow_hidden_temple
D:9:      erik_lair_island, enter_bailey_2, blue_anna_alchemist, uniq_erolcha
D:11:     minmay_orc_entry_guard_dogs
D:12:     serial_shops, shop, uniq_psyche
D:13:     erik_vaults_1, enter_trove_1, david_defended_altar_elf, uniq_sonja
D:14:     grunt_decor_one_mirror
D:15:     gammafunk_depths_entry_grave, minmay_strange_pillars, serial_shops,
          shop, nrook_guardian_serpent_ordinary
Lair:1:   special_room, uniq_nergalle, uniq_erica, uniq_joseph
Lair:2:   st_stairs_7, serial_bayou_crossing, serial_bayou_shore_a
Lair:3:   minmay_shoals_entry_hut
Lair:4:   lemuel_slime, spider_nest_entry_rubble, infiniplex_staircase_pool,
          serial_bayou_shore_b
Lair:5:   dpeg_slime_entry_enclosed_altar, grunt_megastairs_4, uniq_snorg
Lair:6:   wormcave, infiniplex_staircase_pool_2, uniq_nessos, uniq_josephine
Shoals:3: lightli_airlock, uniq_polyphemus
Shoals:4: shoals_end_hangedman, shoal_ilsuiw, ldierk_geyser
Spider:1: hangedman_spider_tarantella_strand
Spider:3: uniq_mara, uniq_arachne
Spider:4: spider_rune_water
Orc:2:    grunt_orc_gardens, grunt_orc_garden, grunt_orc_garden,
          grunt_orc_garden, grunt_orc_garden, basic_altar
Vaults:1: v_pattern_3, nicolae_vaults_little_squares_2, vaults_dpeg_diagonal,
          vaults_room_corners, nicolae_vaults_yaktaur_gun_rack,
          vaults_room_pools, uniq_aizul
Vaults:2: vaults_room_corners, ontoclasm_vaults_eye, v_misc_10,
          vaults_mumra_minichess, v_misc_31, ontoclasm_vaults_chip,
          vaults_room_semicircle, vaults_dpeg_encased_lava, uniq_frederick
Vaults:3: nicolae_vaults_alarming, minmay_crypt_entry_simple_sparse,
          ontoclasm_vaults_idyll, nicolae_vaults_hallways_thing,
          vaults_room_grid, v_rooms_4, hangedman_vaults_locks,
          nicolae_vaults_network_square, vaults_dpeg_cross,
          hangedman_vaults_snaps, nicolae_vaults_angled_halls, v_misc_10,
          vaults_room_pool, serial_shops, nicolae_shop_crystal, shop
Vaults:4: nicolae_vaults_puzzle_piece, v_misc_16,
          nicolae_vaults_network_quinsquares, nicolae_vaults_murderbox,
          nicolae_vaults_specimen_jars, ontoclasm_vaults_decontamination,
          v_misc_17, nicolae_vaults_circle_grid_b, dpeg_vaults_monster_box,
          serial_shops, shop_fountains, shop, shop, nicolae_shop_window_shopping
Vaults:5: serial_shops
Depths:1: pan_entry, abyss_entry_crystal, serial_shops, bzr_entry_customers,
          serial_bayou_pond_a, grunt_hell_horde, minmay_variable_closet,
          st_stairs_1, spider_trap, fake_guardian_serpent_vault
Depths:2: vault_1, hell_entry, serial_sigils_hangedman_carve, special_room,
          minmay_misc_feat_room
Depths:3: evilmike_cross, minmay_misc_feat_plants, rand_demon_pan_entry_1,
          hell_entry, abyss_entry, special_room, feat_on_display,
          minmay_staircase_statues_hall_small, uniq_margery
Depths:4: cross_vault, hangedman_geh_valley, abyss_entry,
          grunt_pan_entry_in_and_out, kennysheep_crisscross, uniq_mennas
Depths:5: hangedman_slaughterboxes, serial_shops, hell_entry
Zot:1:    grunt_megastairs_3
Zot:3:    kennysheep_underground_church
Zot:5:    grunt_ministairs_4
Bazaar:   bazaar_minmay_noklob
Trove:    trove_dig
Sewer:    sewer_co_15_rooms
Ossuary:  ossuary_tomb_3
Bailey:   bailey_axe_3, bailey

Skill      XL: |  1  2  3  4  5  6  7  8  9 10 11 12 13 14 15 16 17 18 19 20 21 22 23 24 25 26 27 |
---------------+----------------------------------------------------------------------------------+-----
Fighting       | 3 4 5 6 7 8 9 11 12 14 15 17 18 20 21 22 23 24 26 | 26.9
Long Blades    | 4 5 6 7 9 10 12 14 15 16 | 16.0
Armour         | 5 8 9 11 13 15 | 15.0
Evocations     | 3 7 8 10 11 12 | 12.0
Dodging        | 6 10 12 15 16 17 19 21 22 23 25 27 | 27.0

Action                   |  1- 3 |  4- 6 |  7- 9 | 10-12 | 13-15 | 16-18 | 19-21 | 22-24 | 25-27 || total
-------------------------+-------+-------+-------+-------+-------+-------+-------+-------+-------++-------
Melee: Falchion          |    87 |   212 |   536 |    76 |       |       |       |       |       ||   911
       Scimitar          |       |       |       |   648 |   522 |       |       |       |       ||  1170
       Double sword      |       |       |       |       |   460 |  1005 |  1266 |  1150 |  1457 ||  5338
       Eudemon blade     |       |       |       |       |       |       |       |       |   115 ||   115
 Fire: Blowgun           |       |       |       |     4 |     2 |       |       |       |       ||     6
Throw: Throwing net      |       |       |       |       |       |       |       |     2 |     2 ||     4
Invok: Berserk           |     4 |     8 |    11 |    16 |    16 |    17 |     8 |    22 |     6 ||   108
       Trog's Hand       |       |     2 |       |     5 |     5 |    14 |    21 |    18 |    14 ||    79
       Brothers in Arms  |       |       |       |     1 |     1 |     1 |     1 |     2 |     5 ||    11
Evoke: Wand              |       |       |       |    14 |    18 |    64 |    47 |    37 |    42 ||   222
       Lamp of fire      |       |       |       |     1 |     1 |       |     1 |     2 |     3 ||     8
       Phial of floods   |       |       |       |       |       |     3 |     1 |     4 |     1 ||     9
       Box of beasts     |       |       |       |       |       |       |       |       |     1 ||     1
  Use: Scroll            |       |    15 |     5 |     5 |     8 |    14 |     9 |     9 |    30 ||    95
       Potion            |       |       |       |     2 |       |    12 |       |     3 |    18 ||    35
 Stab: Distracted        |     1 |       |       |       |       |     1 |     1 |       |     4 ||     7
       Paralysed         |       |       |       |       |     4 |    20 |     5 |     5 |     2 ||    36
       Petrified         |       |       |       |       |     1 |     4 |       |       |       ||     5
       Invisible         |       |       |       |       |       |     8 |       |     3 |    16 ||    27
       Petrifying        |       |       |       |       |       |     1 |       |       |       ||     1
  Eat: Chunk             |     1 |    13 |    21 |    26 |    44 |    39 |    45 |    35 |    25 ||   249
       Ration            |     1 |     1 |     1 |     5 |     3 |     4 |     1 |     9 |    15 ||    40
Armor: Leather armour    |     3 |       |       |       |       |       |       |       |       ||     3
       Animal skin       |     1 |       |       |       |       |       |       |       |       ||     1
       Scale mail        |    17 |    43 |   111 |       |       |       |       |       |       ||   171
       Ring mail         |     4 |       |       |       |       |       |       |       |       ||     4
       Plate armour      |       |       |    19 |   110 |       |       |       |       |       ||   129
       Skin              |       |       |       |    19 |       |       |       |       |       ||    19
       Chain mail        |       |       |       |   118 |   273 |   308 |   265 |   399 |   409 ||  1772
Dodge: Dodged            |    54 |   126 |   308 |   408 |   740 |  1269 |  1023 |  1567 |  1651 ||  7146
       Rpst.: Falchion   |    11 |    41 |    91 |     2 |       |       |       |       |       ||   145
       Scimitar          |       |       |       |    91 |    83 |       |       |       |       ||   174
       Double sword      |       |       |       |       |   100 |   234 |   219 |   300 |   259 ||  1112
       Eudemon blade     |       |       |       |       |       |       |       |       |    37 ||    37

Table legend:
 A = Spawn XP
 B = Non-spawn XP
 C = Spawn XP percentage of total XP
 D = Spawn monster count
 E = Non-spawn monster count
 F = Spawn count percentage of total count
 G = Total turns spent on level
                    A         B        C        D         E        F      G
               +---------+---------+-------+---------+---------+-------+---------
         Total |       0 | 1375391 |   0.0 |       0 |    2025 |   0.0 | 64744
               +---------+---------+-------+---------+---------+-------+---------
           D:1 |       0 |      24 |   0.0 |       0 |      15 |   0.0 |  1317
           D:2 |       0 |      80 |   0.0 |       0 |      16 |   0.0 |   959
           D:3 |       0 |     201 |   0.0 |       0 |      30 |   0.0 |  1226
           D:4 |       0 |     575 |   0.0 |       0 |      20 |   0.0 |   990
           D:5 |       0 |    1161 |   0.0 |       0 |      31 |   0.0 |  1368
           D:6 |       0 |     748 |   0.0 |       0 |      21 |   0.0 |  1065
           D:7 |       0 |    1214 |   0.0 |       0 |      16 |   0.0 |  1209
           D:8 |       0 |    2603 |   0.0 |       0 |      39 |   0.0 |   901
           D:9 |       0 |    3436 |   0.0 |       0 |      31 |   0.0 |  1390
          D:10 |       0 |    3230 |   0.0 |       0 |      40 |   0.0 |  1050
          D:11 |       0 |    5649 |   0.0 |       0 |      33 |   0.0 |   980
          D:12 |       0 |    7524 |   0.0 |       0 |      50 |   0.0 |  1114
          D:13 |       0 |    8435 |   0.0 |       0 |      29 |   0.0 |  1016
          D:14 |       0 |   13568 |   0.0 |       0 |      38 |   0.0 |  1307
          D:15 |       0 |   14718 |   0.0 |       0 |      38 |   0.0 |  1556
        Lair:1 |       0 |    7026 |   0.0 |       0 |      42 |   0.0 |  1276
        Lair:2 |       0 |    1187 |   0.0 |       0 |       5 |   0.0 |   998
        Lair:3 |       0 |    2985 |   0.0 |       0 |      12 |   0.0 |   732
        Lair:4 |       0 |    3423 |   0.0 |       0 |      35 |   0.0 |   877
        Lair:5 |       0 |    8529 |   0.0 |       0 |      30 |   0.0 |  1308
        Lair:6 |       0 |   17345 |   0.0 |       0 |      49 |   0.0 |  1405
      Shoals:1 |       0 |    7256 |   0.0 |       0 |      19 |   0.0 |   831
      Shoals:2 |       0 |   20569 |   0.0 |       0 |      40 |   0.0 |  1117
      Shoals:3 |       0 |   33198 |   0.0 |       0 |      62 |   0.0 |  1921
      Shoals:4 |       0 |   34153 |   0.0 |       0 |      58 |   0.0 |  1551
      Spider:1 |       0 |   11497 |   0.0 |       0 |      27 |   0.0 |  1107
      Spider:2 |       0 |   20909 |   0.0 |       0 |      55 |   0.0 |  1123
      Spider:3 |       0 |   24979 |   0.0 |       0 |      37 |   0.0 |   989
      Spider:4 |       0 |   30047 |   0.0 |       0 |      71 |   0.0 |  1271
         Orc:1 |       0 |    3886 |   0.0 |       0 |      15 |   0.0 |   647
         Orc:2 |       0 |    7320 |   0.0 |       0 |      51 |   0.0 |   804
      Vaults:1 |       0 |   12959 |   0.0 |       0 |      30 |   0.0 |  1322
      Vaults:2 |       0 |   61421 |   0.0 |       0 |      89 |   0.0 |  1808
      Vaults:3 |       0 |   44787 |   0.0 |       0 |      72 |   0.0 |  2099
      Vaults:4 |       0 |   77684 |   0.0 |       0 |     104 |   0.0 |  2065
      Vaults:5 |       0 |  159609 |   0.0 |       0 |     126 |   0.0 |  2951
      Depths:1 |       0 |   40004 |   0.0 |       0 |      49 |   0.0 |  2185
      Depths:2 |       0 |   96895 |   0.0 |       0 |     103 |   0.0 |  3046
      Depths:3 |       0 |  107334 |   0.0 |       0 |     110 |   0.0 |  2718
      Depths:4 |       0 |   42301 |   0.0 |       0 |      41 |   0.0 |  1401
      Depths:5 |       0 |   22801 |   0.0 |       0 |      20 |   0.0 |  1375
         Zot:1 |       0 |   60119 |   0.0 |       0 |      38 |   0.0 |  1203
         Zot:2 |       0 |   26828 |   0.0 |       0 |      15 |   0.0 |   883
         Zot:3 |       0 |   72428 |   0.0 |       0 |      47 |   0.0 |  1460
         Zot:5 |       0 |  251965 |   0.0 |       0 |      75 |   0.0 |  3461
         Sewer |       0 |     152 |   0.0 |       0 |      19 |   0.0 |   341
       Ossuary |       0 |     182 |   0.0 |       0 |      16 |   0.0 |   339
        Bailey |       0 |     447 |   0.0 |       0 |      16 |   0.0 |   215
               +---------+---------+-------+---------+---------+-------+---------
